 Dungeon Sprint DCSS version 0.01-2199-g510b736d67 (webtiles) character file.

Game seed: 8410414991300510284, levelgen mode: deterministic

2 pasperui the Ruffian (level 1, -2/18 HPs) Naga Transmuter. Began on July 21, 2020. Slain by a human (5 damage) ... in the Dungeon (Sprint III: "The Ten Rune Challenge"). The game lasted 00:00:30 (59 turns).

pasperui the Ruffian (Naga Transmuter)                Turns: 59, Time: 00:00:31

Health: -2/18      AC:  1    Str: 12    XL:     1 ^: 6
Magic:  2/3        EV: 10    Int: 13    God:
Gold:   0          SH:  0    Dex: 11    Spells: 3/4 levels left

rFire    . . .     Vision   +     - Unarmed
rCold    . . .     Gourm    .     - Unarmed
rNeg     . . .     Faith    .   a - +0 robe
rPois    +         Spirit   .   (no helmet)
rElec    .         Reflect  .   (no cloak)
rCorr    .         Harm     .   (no gloves)
MR       .....     NoTele   +   (no barding)
Stlth    +.........             (no amulet)
HPRegen  0.16/turn              (no ring)
MPRegen  0.13/turn              (no ring)

@: appendage (expiring), very slow
A: large, horns 2, see invisible, deformed body, poison resistance, slowness 2,
slow metabolism 1, spit poison 1, constrict 1, AC +0
a: Spit Poison, End Transformation


You were in the Dungeon.
You were not hungry.
You had grown temporary horns.
You visited 1 branch

Inventory:

Armour
 a - a +0 robe (worn)
Scrolls
 i - a scroll of blinking
Potions
 d - a potion of curing
 f - a potion of haste
 g - 2 potions of magic
 h - a potion of berserk rage
Comestibles
 b - 4 chunks of flesh
 c - a ration


   Skills:
 - Level 1.0 Fighting
 - Level 1.5 Dodging
 * Level 4.1 Unarmed Combat
 - Level 2.0 Spellcasting
 - Level 2.0 Transmutations


You had 3 spell levels left.
You knew the following spells:

 Your Spells              Type           Power        Failure   Level  Hunger
a - Beastly Appendage     Tmut           6 (50)       11%         1    ##.....

Your spell library contained the following spells:

 Spells                   Type           Power        Failure   Level  Hunger
 Sticks to Snakes         Tmut           6 (100)      17%         2    ###....
 Snakes to Sticks         Hex/Tmut       3 (100)      45%         3    ####...
 Spider Form              Tmut/Pois      3 (200)      45%         3    ####...
 Ice Form                 Ice/Tmut       3 (100)      86%         4    #####..
 Blade Hands              Tmut           6 (200)      97%         5    ######.


Dungeon Overview and Level Annotations

Branches:
Dungeon (1/1)

Altars:


Innate Abilities, Weirdness & Mutations

You cannot wear boots.
Your serpentine skin is tough. (AC +0)
You have supernaturally acute eyesight. (+Vis)
Armour fits poorly on your strangely shaped body.
Your system is resistant to poisons. (rPois)
You cover ground very slowly.
You have a slow metabolism.
You can spit poison.
You can use your snake-like lower body to constrict enemies.
You have a pair of horns on your head.


Message History

You constrict the human, but do no damage.
The human hits you (9)!
Ouch! That really hurt!
You hit the human (2).
The human is heavily wounded. (16/35) HP You hit the human but do no damage.
You headbutt the human (4).
The human is severely wounded. (12/35) HP You constrict the human (1).
The human hits you (6).
* * * LOW HITPOINT WARNING * * *
You hit the human (2).
The human is severely wounded. (9/35) HP You hit the human (2).
The human is almost dead. (7/35) HP You constrict the human, but do no damage.
You hit the human but do no damage.
The human is almost dead. (7/35) HP You hit the human (1).
The human is almost dead. (6/35) HP You constrict the human (1).
The human hits you (5).
You die...

▓.÷÷..#
▓.....#...≈≈.♣♣♣♣
▓....[#..≈≈≈≈♣...
▓####'#..≈≈≈≈≈≈..
▓=..÷.#.≈≈≈≈≈≈...
▓...÷.#.≈≈≈≈≈....
▓.....#.≈≈≈......
▓'#####..........
▓....@p..........
▓▓▓▓▓▓▓▓▓▓▓▓▓▓▓▓▓


You could see a human.

Vanquished Creatures
  4 rats (D)
4 creatures vanquished.

Vanquished Creatures (others)
  A plant (D)
1 creature vanquished.

Grand Total: 5 creatures vanquished

Notes
Turn   | Place    | Note
-------+----------+-------------------------------------------
     0 | D        | pasperui the Naga Transmuter began the quest for the Orb.
     0 | D        | Reached XP level 1. HP: 18/18 MP: 3/3
    20 | D        | Reached skill level 4 in Unarmed Combat
    59 | D        | Slain by a human

Levels and vault maps discovered:
D:        dungeon_sprint_mu [sprint_mu_entry_forest, sprint_mu_temple_rooms,
          sprint_mu_d1_horrors, sprint_mu_d2_genie, sprint_mu_d3_branching,
          sprint_mu_orc_legion, sprint_mu_elf_gauntlet, sprint_mu_hive_nellie,
          sprint_mu_lair_fedhas, sprint_mu_vaults_butterflies,
          sprint_mu_slime_circle, sprint_mu_swamp_cave, sprint_mu_snake_twists,
          sprint_mu_blade_basic, sprint_mu_crypt_lich, sprint_mu_tomb_spiral,
          sprint_mu_vestibule_basic, sprint_mu_gehenna_hellfire,
          sprint_mu_dis_giant, sprint_mu_tartarus_statrot,
          sprint_mu_cocytus_islands, sprint_mu_zot1]

Skill      XL: |  1 |
---------------+----+-----
Unarmed Combat | 4 |  4.1
Fighting       | |  1.0
Dodging        | |  1.5
Spellcasting   | |  2.0
Transmutations | |  2.0

Action                   || total
-------------------------++-------
Melee: Unarmed           ||    26
       Constrict         ||     2
       Headbutt          ||     2
 Cast: Beastly Appendage ||     2
 Abil: Spit Poison       ||     1
  Use: Potion            ||     1
Armor: Robe              ||     1
Dodge: Dodged            ||     4
